 Dungeon Crawl Stone Soup version 0.31-a0-164-g2312942fda (webtiles) character file.

Game seed: 13671957205162395453

32 Anon1729 the Trooper (level 3, -3/33 HPs)
             Began as a Minotaur Monk on June 13, 2023.
             Slain by a worm (10 damage)
             ... on level 2 of the Dungeon.
             The game lasted 00:00:32 (897 turns).

Anon1729 the Trooper (Minotaur Monk)                 Turns: 897, Time: 00:00:33

Health: -3/33      AC:  2    Str: 15    XL:     3   Next: 8%
Magic:  2/2        EV: 13    Int:  7    God:
Gold:   24         SH:  0    Dex: 14    Spells: 2/2 levels left

rFire   . . .        a - +0 short sword
rCold   . . .        d - orb {light}
rNeg    . . .        b - +0 robe
rPois   .            (helmet restricted)
rElec   .            (no cloak)
rCorr   .            (no gloves)
SInv    .            (no boots)
Will    .....        (no amulet)
Stlth   +            (no ring)
HPRegen 0.25/turn    (no ring)
MPRegen 0.08/turn

%: no passive effects
@: glowing
A: horns 2, retaliatory headbutt
a: no special abilities


You were on level 2 of the Dungeon.
You visited 1 branch of the dungeon, and saw 2 of its levels.

You collected 24 gold pieces.

Inventory:

Hand Weapons
 a - a +0 short sword (weapon)
Armour
 b - a +0 robe (worn)
 d - an orb of light (worn)
Jewellery
 e - a ring of resist corrosion
Scrolls
 f - a scroll of noise {unknown}
 h - a scroll of enchant weapon {unknown}
Potions
 c - a potion of ambrosia
 g - a potion of attraction {unknown}


   Skills:
 + Level 4.0 Fighting
 + Level 3.6 Short Blades
 + Level 1.2 Armour
 + Level 3.6 Dodging
 + Level 1.0 Invocations


You had 2 spell levels left.
You didn't know any spells.
Your spell library was empty.

Dungeon Overview and Level Annotations

Branches:
Dungeon (2/15)

Altars:


Innate Abilities, Weirdness & Mutations

You have a pair of horns on your head.
You reflexively headbutt those who attack you in melee.


Message History

You hit the endoplasm but do no damage. You hit the endoplasm.
The endoplasm is heavily wounded.
The endoplasm freezes you.
You are frozen.
The worm bites you.
You hit the endoplasm.
You kill the endoplasm!
You have reached level 3!
Your experience leads to an increase in your attributes!
Increase (S)trength, (I)ntelligence, or (D)exterity?
You feel agile. x2
You hit the worm but do no damage. You headbutt the worm!
The worm is severely wounded.
A worm comes into view.
The worm bites you.
You hit the worm.
The worm is severely wounded.
The worm bites you but does no damage.
You hit the worm. You headbutt the worm.
You kill the worm!
The worm barely misses you. You furiously retaliate!
You headbutt the worm.
Your Fighting skill increases to level 4!
The worm bites you.
You hit the worm.
The worm is moderately wounded.
You hit the worm.
The worm is moderately wounded.
The worm barely misses you.
You hit the worm.
The worm is moderately wounded.
You hit the worm but do no damage.
The worm is moderately wounded.
The worm bites you!
* * * LOW HITPOINT WARNING * * *
You hit the worm but do no damage. You headbutt the worm.
The worm is heavily wounded.
You hit the worm. You headbutt the worm.
The worm is severely wounded.
The worm bites you!
You die...

#.... #..####.#
###########..#†...###.
.......##.....####..$
#....#.##.#..##
#.####.#.!.# .#
######.# #.##.###.#
...##.# #...#.#.#
###.##.# #..##.@w#
.......# #...#.###.#
###.#### #...#. .. #.#
#.. .. #.. ###.# #.
..# .. #...# ####. #
#...# #. #...# ..
##.##


You could see a worm.

Vanquished Creatures
  2 dart slugs (D:1)
  A worm (D:2)
  4 bats (D:1)
  An endoplasm (D:2)
  4 hobgoblins
  4 jackals (D:1)
  2 ball pythons (D:1)
  A frilled lizard (D:1)
  2 kobolds (D:1)
  4 rats
25 creatures vanquished.

Notes
Turn   | Place    | Note
-------+----------+-------------------------------------------
     0 | D:1      | Anon1729 the Minotaur Monk began the quest for the Orb.
     0 | D:1      | Reached XP level 1. HP: 19/19 MP: 0/0
   154 | D:1      | Reached XP level 2. HP: 23/27 MP: 1/1
   280 | D:1      | Reached skill level 1 in Armour
   882 | D:2      | Reached skill level 1 in Invocations
   886 | D:2      | Reached XP level 3. HP: 22/33 MP: 2/2
   890 | D:2      | Reached skill level 4 in Fighting
   897 | D:2      | Slain by a worm

Illustrated notes

Levels and vault maps discovered:
D:1:      nicolae_arrival_memento_mori, layout_loops_cross
D:2:      layout_loops_corners, chequers_ecumenical_altar_twisty, basic_altar,
          minmay_pentomino_pile

Skill      XL: |  1  2  3 |
---------------+----------+-----
Armour         | 1 |  1.2
Invocations    | 1 |  1.0
Fighting       | 4 |  4.0
Short Blades   | |  3.6
Dodging        | |  3.6

Action                     || total
---------------------------++-------
  Melee: Short sword       ||    70
         Headbutt          ||    17
 Armour: Robe              ||    13
  Dodge: Dodged            ||    40

Table legend: (Time is in decaauts)
 A = Elapsed time spent in this place.
 B = Non-inter-level travel time spent in this place.
 C = Inter-level travel time spent in this place.
 D = Time resting spent in this place.
 E = Time spent auto-exploring this place.
 F = Levels seen in this place.
 G = Mean time per level.
                   A        B        C        D        E       F      G
               +--------+--------+--------+--------+--------+-----+--------+
         Total |    884 |    844 |     40 |      0 |    713 |   2 |  442.0 |
       Dungeon |    884 |    844 |     40 |      0 |    713 |   2 |  442.0 |
               +--------+--------+--------+--------+--------+-----+--------+

Top non-repeatable levels by time:
     D:1: 783 daAuts
     D:2: 101 daAuts
